 Dungeon Crawl Stone Soup version 0.28.0 (webtiles) character file.

Game seed: 546994084813514703

483 Sanktem7 the Chopper (level 6, -3/56 HPs)
             Began as a Minotaur Fighter on Feb 12, 2022.
             Slain by an adder (5 damage)
             ... on level 5 of the Dungeon.
             The game lasted 00:04:22 (4312 turns).

Sanktem7 the Chopper (Minotaur Fighter)             Turns: 4312, Time: 00:04:23

Health: -3/56      AC:  0    Str: 23    XL:     6   Next: 87%
Magic:  5/5        EV:  9    Int:  5    God:
Gold:   265        SH:  9    Dex:  9    Spells: 5/5 levels left

rFire   . . .      SeeInvis .   a - +0 war axe
rCold   . . .      Faith    .   c - +0 buckler
rNeg    . . .      Spirit   .   b - +0 scale mail
rPois   .          Reflect  +   (helmet restricted)
rElec   .          Harm     .   (no cloak)
rCorr   .          Rampage  .   (no gloves)
Will    .....                   (no boots)
Stlth   ..........              i - amulet of reflection
HPRegen 0.18/turn               (no ring)
MPRegen 0.09/turn               (no ring)

@: lethally poisoned (-3 -> -8), corroded
A: horns 2, retaliatory headbutt
a: no special abilities


You were on level 5 of the Dungeon.
You visited 2 branches of the dungeon, and saw 6 of its levels.

You collected 265 gold pieces.

Inventory:

Hand Weapons
 a - a +0 war axe (weapon)
Missiles
 q - 6 silver javelins (quivered)
Armour
 b - a +0 scale mail (worn)
 c - a +0 buckler (worn)
Jewellery
 i - an amulet of reflection (around neck)
Wands
 n - a wand of flame (16)
 p - a wand of iceblast (8)
Scrolls
 f - 2 scrolls of teleportation {unknown}
 h - a scroll of enchant weapon {unknown}
 k - a scroll of noise {unknown}
 l - a scroll of immolation {unknown}
Potions
 d - 3 potions of might
 e - 2 potions of invisibility {unknown}
 g - 2 potions of resistance {unknown}
 j - a potion of magic {unknown}
 m - 2 potions of haste {unknown}
 o - a potion of curing {unknown}


   Skills:
 * Level 5.4 Fighting
 * Level 6.4 Axes
 * Level 5.9 Armour
 + Level 0.8 Dodging
 - Level 3.6 Shields


You had 5 spell levels left.
You didn't know any spells.
Your spell library contained the following spells:

 Spells                   Type           Power      Damage    Failure   Level
 Beastly Appendage        Tmut           0%         N/A       86%         1
 Corpse Rot               Necr/Air       0%         N/A       94%         2
 Poisonous Vapours        Pois/Air       0%         N/A       94%         2
 Confusing Touch          Hex            0%         N/A       99%         3
 Yara's Violent Unravell  Hex/Tmut       0%         3d3       100%        5
 Enfeeble                 Hex            0%         N/A       100%        7
 Chain Lightning          Conj/Air       0%         N/A       100%        9
 Fire Storm               Conj/Fire      0%         5d1       100%        9
 Shatter                  Erth           0%         3d5*      100%        9


Dungeon Overview and Level Annotations

Branches:
Dungeon (5/15)             Temple (1/1) D:5

Altars:
Ashenzari
Cheibriados
Dithmenos
Elyvilon
Fedhas
Gozag
Hepliaklqana
Kikubaaqudgha
Nemelex Xobeh
Okawaru
Qazlal
Ru
Sif Muna
Trog
Uskayaw
Vehumet
Wu Jian
Xom
Yredelemnul
Zin
The Shining One


Innate Abilities, Weirdness & Mutations

You have a pair of horns on your head.
You reflexively headbutt those who attack you in melee.


Message History

The jelly quivers.
The jelly hits you but does no damage. You block the adder's attack.
You slash the jelly! The acid corrodes you!
Your hands burn!
The jelly is severely wounded.
You miss the adder. The adder bites you but does no damage.
The jelly closely misses you.
You hit the jelly but do no damage.
Your hands burn!
The jelly is severely wounded.
You hit the adder but do no damage. You block the adder's attack.
The jelly hits you. The acid corrodes you!
You are splashed with acid!
The adder bites you.
You are poisoned.
The adder poisons you!
You hit the jelly. The acid corrodes you!
Your hands burn!
You headbutt the jelly, but do no damage.
The jelly is almost dead.
You barely miss the adder.
You feel very sick. The adder barely misses you. The jelly hits you.
The acid corrodes you!
You are splashed with acid.
The adder bites you. You block the jelly's attack.
You slash the jelly!
You kill the jelly!
You miss the adder.
You feel sick. You block the adder's attack.
You miss the adder. Your headbutt misses the adder.
You feel sick. The adder bites you. x2
* * * LOW HITPOINT WARNING * * *
You closely miss the adder.
You feel sick. The adder bites you.
* * * LOW HITPOINT WARNING * * *
You hit the adder but do no damage. You headbutt the adder!
The adder is severely wounded.
You feel sick. The adder closely misses you. The adder bites you.
* * * LOW HITPOINT WARNING * * *
You are lethally poisoned!
The adder poisons you!
You closely miss the adder.
The adder is severely wounded.
* * * LOW HITPOINT WARNING * * *
You feel very sick. The adder bites you.
You die...

#. .#. .. .. ..# ...
. ...# #.# ##....
#..# ..#..
#...###...#.#
#..#...#S..#
#.#....@#..#
#........# ##
#.#.....#..#
...###..#...#...#
.........###...#.#
........#..#..#...#
......#...###.....#
..........#..#.....#
..##....#...#.....


You could see an adder.

Vanquished Creatures
  Edmund (D:4)
  An ogre (D:4)
  A hound (D:4)
  A jelly (D:5)
  An orc priest (D:5)
  2 iguanas (D:4)
  A statue (D:4)
  4 gnolls (D:2)
  An adder (D:2)
  A worm (D:3)
  5 dart slugs
  An endoplasm (D:2)
  5 giant cockroaches
  8 goblins
  5 hobgoblins
  5 kobolds
  2 quokkas (D:4)
  6 ball pythons
  6 bats
  3 frilled lizards
  5 rats
65 creatures vanquished.

Notes
Turn   | Place    | Note
-------+----------+-------------------------------------------
     0 | D:1      | Sanktem7 the Minotaur Fighter began the quest for the Orb.
     0 | D:1      | Reached XP level 1. HP: 19/19 MP: 0/0
   102 | D:1      | Reached XP level 2. HP: 27/27 MP: 1/1
   190 | D:1      | Found a faded altar of an unknown god.
   196 | D:1      | Got Plato's Grimoire of Transmigration
   820 | D:2      | Reached XP level 3. HP: 34/34 MP: 2/2
  1109 | D:2      | Reached skill level 3 in Axes
  1116 | D:2      | Reached XP level 4. HP: 9/41 MP: 3/3
  2214 | D:3      | Reached skill level 4 in Axes
  2347 | D:3      | Found a glowing golden altar of the Shining One.
  2347 | D:3      | Found an opulent altar of Gozag.
  2353 | D:3      | Found a glowing silver altar of Zin.
  2355 | D:3      | Found a shimmering altar of Xom.
  2357 | D:3      | Found a white marble altar of Elyvilon.
  3025 | D:4      | Noticed an ogre
  3032 | D:4      | Killed an ogre
  3033 | D:4      | Reached skill level 5 in Fighting
  3033 | D:4      | Reached skill level 5 in Axes
  3033 | D:4      | Reached XP level 5. HP: 21/48 MP: 4/4
  3257 | D:4      | Reached skill level 5 in Armour
  3385 | D:4      | Reached XP level 6. HP: 46/56 MP: 5/5
  3462 | D:4      | Found a radiant altar of Vehumet.
  3781 | D:4      | Noticed Edmund
  3799 | D:4      | HP: 1/56 [Edmund (12)]
  3800 | D:4      | Killed Edmund
  3801 | D:4      | Reached skill level 6 in Axes
  4121 | D:5      | Entered Level 5 of the Dungeon
  4121 | D:5      | Found a staircase to the Ecumenical Temple.
  4129 | Temple   | Entered the Ecumenical Temple
  4312 | D:5      | HP: 2/56 [poisoned by an adder]
  4312 | D:5      | Slain by an adder

Illustrated notes

Levels and vault maps discovered:
D:1:      amcnicky_arrival_choice, layout_basic,
          shapermc_ecumenical_altar_rom_forum
D:2:      layout_loops_corners
D:3:      layout_basic, chequers_temple_overflow_minitemple,
          kennysheep_generic_room_2
D:4:      layout_rooms, vehumet_statue, uniq_edmund
D:5:      layout_cave_pods, minmay_temple_entry_proselytizer,
          minmay_splitting_lines, kennysheep_generic_room_13
Temple:   regret_index_temple_waves

Skill      XL: |  1  2  3  4  5  6 |
---------------+-------------------+-----
Fighting       | 4 5 |  5.4
Armour         | 4 5 |  5.9
Axes           | 3 5 6 |  6.4
Dodging        | |  0.8
Shields        | |  3.6

Action                   |  1- 3 |  4- 6 || total
-------------------------+-------+-------++-------
Melee: War axe           |    56 |    89 ||   145
       Headbutt          |     2 |     9 ||    11
Armor: Scale mail        |    20 |    20 ||    40
Dodge: Dodged            |    32 |    38 ||    70
Block: Buckler           |     9 |    40 ||    49
       Reflection        |       |     1 ||     1
